 Dungeon Crawl Stone Soup version 0.23-a0-636-g0ff6057 (webtiles) character file.

2991 TheGoonsmith the Destroyer (level 9, -3/54 HPs)
             Began as a Gargoyle Fire Elementalist on Dec 28, 2018.
             Was a Follower of Vehumet.
             Slain by a skeletal warrior
             ... wielding a +1 war axe of freezing
             ... led by a skeletal warrior
              (4 damage)
             ... on level 8 of the Dungeon.
             The game lasted 00:13:59 (6791 turns).

TheGoonsmith the Destroyer (GrFE)                   Turns: 6791, Time: 00:13:59

Health: -3/54      AC: 14    Str: 13    XL:     9   Next: 83%
Magic:  7/17       EV: 10    Int: 18    God:    Vehumet [*.....]
Gold:   401        SH:  0    Dex: 10    Spells: 6/19 levels left

rFire    . . .     SeeInvis .   A - +0 long sword
rCold    . . .     Gourm    .   (no shield)
rNeg     + . .     Faith    .   x - +0 ring mail
rPois    ∞         Spirit   .   (no helmet)
rElec    +         Reflect  .   k - +2 cloak
rCorr    .         Harm     .   (no gloves)
MR       .....                  (no boots)
Stlth    ++........             q - amulet of magic regeneration
HPRegen  0.18/turn              l - ring of stealth
MPRegen  0.40/turn              (no ring)

@: no status effects
A: negative energy resistance 1, electricity resistance, unbreathing,
petrification resistance, rot immunity, AC +6
a: Renounce Religion


You were on level 8 of the Dungeon.
You worshipped Vehumet.
Vehumet was aware of your devotion.
You were not hungry.

You visited 2 branches of the dungeon, and saw 9 of its levels.

You collected 401 gold pieces.

Inventory:

Hand Weapons
 d - a +1 club
 g - a +0 flail
 A - a +0 long sword (weapon)
 B - a +2 long sword of slicing
Armour
 a - a +0 robe
 k - a +2 cloak (worn)
 x - a +0 ring mail (worn)
Jewellery
 l - a ring of stealth (left hand)
 q - an amulet of magic regeneration (around neck)
 C - an uncursed ring of stealth
Wands
 j - a wand of clouds (5)
 n - a wand of acid (18)
 o - a wand of polymorph (8)
 u - a wand of enslavement (16)
 v - a wand of flame (39)
 y - a wand of disintegration (6)
Scrolls
 e - 2 scrolls of blinking
 f - 3 scrolls of teleportation
 h - 2 scrolls of remove curse
 i - a scroll of enchant weapon
 p - 2 scrolls of amnesia
 s - a scroll of fear
Potions
 b - 6 potions of haste
 m - 2 potions of curing
 r - a potion of cancellation {unknown}
 t - a potion of ambrosia {unknown}
 z - a potion of flight {unknown}
 D - 2 potions of agility {unknown}
Comestibles
 c - 19 rations
 w - a chunk of flesh


   Skills:
 - Level 5.0 Fighting
 - Level 1.5 Dodging
 - Level 2.1 Stealth
 + Level 5.9 Spellcasting
 + Level 8.9 Conjurations
 + Level 7.8 Fire Magic


You had 6 spell levels left.
You knew the following spells:

 Your Spells              Type           Power        Failure   Level  Hunger
a - Flame Tongue          Conj/Fire      #####        1%          1    None
c - Conjure Flame         Conj/Fire      #####...     2%          3    ##.....
f - Fireball              Conj/Fire      #####.....   24%         5    #####..
s - Sticky Flame          Conj/Fire      #####...     9%          4    ####...

Your spell library contained the following spells:

 Spells                   Type           Power        Failure   Level  Hunger
 Searing Ray              Conj           #####.       1%          2    None
 Throw Flame              Conj/Fire      #####.       1%          2    None
 Throw Frost              Conj/Ice       ###...       6%          2    None
 Inner Flame              Hex/Fire       ###.....     16%         3    ##.....
 Freeze                   Ice            #...         26%         1    None
 Ensorcelled Hibernation  Hex/Ice        #.....       38%         2    None
 Throw Icicle             Conj/Ice       ###.....     38%         4    ####...
 Ozocubu's Armour         Chrm/Ice       #.......     63%         3    ##.....
 Summon Ice Beast         Ice/Summ       #.......     95%         4    ####...
 Borgnjor's Vile Clutch   Necr/Erth      #.........   100%        5    #####..
 Silence                  Hex/Air        #.........   100%        5    #####..
 Darkness                 Hex            #.........   100%        6    #######
 Shadow Creatures         Summ           N/A          100%        6    #######


Dungeon Overview and Level Annotations

Branches:
Dungeon (8/15)             Temple (1/1) D:5
   Lair: D:8-11

Altars:
Ashenzari
Cheibriados
Dithmenos
Elyvilon
Fedhas
Gozag
Hepliaklqana
Kikubaaqudgha
Makhleb
Nemelex Xobeh
Okawaru
Qazlal
Ru
Sif Muna
Trog
Uskayaw
Vehumet
Wu Jian
Xom
Yredelemnul
Zin
The Shining One

Annotations:
D:3 Sigmund


Innate Abilities, Weirdness & Mutations

You are resistant to torment.
Your stone body is resilient. (AC +6)
You are immune to poison.
You resist negative energy. (rN+)
You are resistant to electric shocks. (rElec)
You can survive without breathing.
You are immune to petrification.
You are immune to rotting.


Message History

The skeletal warrior is engulfed in blazing flames.
The skeletal warrior hits you with a +1 war axe of freezing!
* * * LOW HITPOINT WARNING * * *
The skeletal warrior freezes you.
* * * LOW HITPOINT WARNING * * *
Casting: Flame Tongue (safe; 1% risk of failure)
Confirm with . or Enter, or press ? or * to list all spells.
Aiming: Sticky Flame (safe; 9% risk of failure)
Press: ? - help, Shift-Dir - straight line, f/p - skeletal warrior
Aim: a skeletal warrior, wielding a +1 war axe of freezing (flame, moderately The sticky flame hits the skeletal warrior.
The skeletal warrior appears unharmed.
The skeletal warrior is moderately damaged.
The skeletal warrior is covered in liquid flames!
The skeletal warrior burns!
The skeletal warrior is engulfed in blazing flames.
The skeletal warrior hits you with a +1 war axe of freezing!
* * * LOW HITPOINT WARNING * * *
The skeletal warrior freezes you.
You die...

########.......# ##
#.........####### ###
#.######......... #.#
#.#....<..#...### # #..
#...###.........#.# #.#
#########.###.#... #.#
................ ########.#
#######....######.#......#.#
#....@z.....#.##...#..
####.########.##(..#.. #.#
###.##...#.. #.#
#....#...### #.#
#.#...##....
#.######.#...######
#......#.#.........
######.#.#.########
####.#.#......###


You could see a skeletal warrior (burning).

Vanquished Creatures
  A troll (D:8)
  A yak (D:8)
  A human (D:8)
  3 hogs (D:8)
  Duvessa (D:5)
  An orc warrior (D:8)
  An ice beast (D:8)
  3 sky beasts
  A necrophage (D:7)
  A phantom (D:4)
  An ogre (D:6)
  A centaur (D:5)
  2 bullfrogs
  A scorpion (D:4)
  Dowan (D:5)
  3 howler monkeys
  A jelly (D:8)
  A crimson imp (D:8)
  A bullfrog zombie (D:5)
  3 hounds
  A centaur skeleton (D:4)
  4 orc priests
  A bullfrog skeleton (D:5)
  An iguana (D:4)
  5 orc wizards
  Ijyb (D:2)
  3 worker ants
  4 gnolls (D:8)
  10 adders
  2 shadow imps
  An ooze (D:2)
  2 dart slugs (D:1)
  21 orcs
  5 giant cockroaches
  8 goblins
  10 hobgoblins
  10 jackals
  7 kobolds
  2 quokkas
  6 bats
  7 frilled lizards
  6 rats
146 creatures vanquished.

Notes
Turn   | Place    | Note
-------+----------+-------------------------------------------
     0 | D:1      | TheGoonsmith the Gargoyle Fire Elementalist began the quest
                  | for the Orb.
     0 | D:1      | Reached XP level 1. HP: 10/10 MP: 3/3
   112 | D:1      | Reached XP level 2. HP: 3/15 MP: 0/5
   581 | D:1      | Reached skill level 2 in Conjurations
   581 | D:1      | Reached XP level 3. HP: 7/19 MP: 0/6
  1802 | D:2      | Found a deep blue altar of Sif Muna.
  2045 | D:2      | Reached XP level 4. HP: 22/24 MP: 1/8
  2360 | D:3      | Noticed Ijyb
  2368 | D:2      | Killed Ijyb
  2653 | D:3      | Noticed Sigmund
  2659 | D:3      | Learned a level 3 spell: Conjure Flame
  2664 | D:3      | Learned a level 4 spell: Sticky Flame
  2922 | D:3      | Reached skill level 3 in Conjurations
  2922 | D:3      | Reached XP level 5. HP: 28/28 MP: 5/9
  3158 | D:4      | Noticed a phantom
  3183 | D:4      | Killed a phantom
  3218 | D:4      | Found a sparkling altar of Nemelex Xobeh.
  3255 | D:4      | Reached XP level 6. HP: 25/32 MP: 9/11
  3381 | D:4      | Reached skill level 4 in Conjurations
  3406 | D:4      | Noticed a sky beast
  3412 | D:4      | Killed a sky beast
  3490 | D:4      | Reached skill level 5 in Fire Magic
  3490 | D:4      | Reached XP level 7. HP: 36/36 MP: 8/13
  3896 | D:5      | Entered Level 5 of the Dungeon
  3896 | D:5      | Found a staircase to the Ecumenical Temple.
  3926 | D:5      | Reached skill level 5 in Conjurations
  3940 | Temple   | Entered the Ecumenical Temple
  4004 | Temple   | Became a worshipper of Vehumet
  4034 | D:5      | Learned a level 5 spell: Fireball
  4041 | D:5      | Noticed Dowan
  4042 | D:5      | Noticed Duvessa
  4054 | D:5      | Killed Dowan
  4062 | D:5      | Killed Duvessa
  4298 | D:5      | Reached XP level 8. HP: 36/41 MP: 9/15
  4306 | D:5      | You fall through a shaft for 3 floors!
  4311 | D:8      | Reached skill level 5 in Spellcasting
  4329 | D:8      | Reached skill level 6 in Conjurations
  4347 | D:8      | Noticed a skeletal warrior
  4349 | D:8      | Noticed a skeletal warrior
  4349 | D:8      | Noticed a skeletal warrior
  4900 | D:5      | Reached * piety under Vehumet
  4900 | D:5      | Offered knowledge of Sting by Vehumet.
  4936 | D:5      | Reached skill level 7 in Conjurations
  5660 | D:7      | Reached skill level 8 in Conjurations
  5733 | D:7      | Found an iron altar of Okawaru.
  5751 | D:7      | Reached skill level 1 in Fighting
  5751 | D:7      | Reached XP level 9. HP: 47/48 MP: 12/16
  6134 | D:8      | Noticed a troll
  6144 | D:8      | Killed a troll
  6193 | D:8      | Reached skill level 5 in Fighting
  6655 | D:8      | Offered knowledge of Searing Ray by Vehumet.
  6791 | D:8      | HP: 1/54 [skeletal warrior/+1 war axe of freezing[a
                  | skeletal warrior] (13)]
  6791 | D:8      | Slain by a skeletal warrior

Vault maps used:
D:1:      dpeg_arrival_simpleton_a, minmay_small_reverse_x
D:2:      serial_glass, glass_columns_c, glass_columns_b, led_sif_pool
D:3:      minmay_starry_boxes, uniq_ijyb, uniq_sigmund, uniq_robin
D:4:      kennysheep_little_box
D:5:      minmay_temple_entry_grid, first_ration,
          hangedman_decor_clover_reticule, corexii_corridor_pit, uniq_duvessa
D:6:      minmay_misc_feat_columns, grunt_decor_cap
D:7:      basic_altar
D:8:      grunt_livestock
Temple:   dpeg_three_leaves_temple

Skill      XL: |  1  2  3  4  5  6  7  8  9 |
---------------+----------------------------+-----
Conjurations   | 2 3 4 5 8 |  8.9
Spellcasting   | 3 4 5 |  5.9
Fire Magic     | 4 5 7 |  7.8
Fighting       | 1 5 |  5.0
Dodging        | |  1.5
Stealth        | |  2.1

Action                   |  1- 3 |  4- 6 |  7- 9 || total
-------------------------+-------+-------+-------++-------
Melee: Unarmed           |    16 |       |       ||    16
       Club              |    25 |     5 |       ||    30
       Flail             |       |     1 |     5 ||     6
       Long sword        |       |       |    70 ||    70
 Cast: Flame Tongue      |    75 |    90 |   179 ||   344
       Sticky Flame      |       |     1 |    13 ||    14
       Conjure Flame     |       |       |     2 ||     2
Evoke: Wand              |       |       |     1 ||     1
  Use: Scroll            |       |    12 |     4 ||    16
  Eat: Chunk             |     4 |     4 |    13 ||    21
Armor: Robe              |    31 |    26 |    49 ||   106
       Ring mail         |       |       |    40 ||    40
Dodge: Dodged            |    41 |    39 |    88 ||   168
       Rpst.: Long sword |       |       |    23 ||    23

Table legend:
 A = Non-vault XP
 B = Vault XP
 C = Vault XP percentage of total XP
 D = Non-vault monster count
 E = Vault monster count
 F = Vault count percentage of total count
                 A         B        C        D         E       F
            +---------+---------+-------+---------+---------+-------
      Total |    3063 |    1211 |  28.3 |     132 |      14 |   9.6
            +---------+---------+-------+---------+---------+-------
        D:1 |      40 |       8 |  16.7 |      22 |       4 |  15.4
        D:2 |      46 |      32 |  41.0 |      18 |       1 |   5.3
        D:3 |      42 |       4 |   8.7 |      12 |       2 |  14.3
        D:4 |     643 |       0 |   0.0 |      23 |       0 |   0.0
        D:5 |     354 |     211 |  37.3 |      14 |       2 |  12.5
        D:6 |     543 |       0 |   0.0 |      13 |       0 |   0.0
        D:7 |     384 |       0 |   0.0 |       8 |       0 |   0.0
        D:8 |    1011 |     956 |  48.6 |      22 |       5 |  18.5
            +---------+---------+-------+---------+---------+-------
